 Dungeon Crawl Stone Soup version 0.26-b1-59-ge38874ec40 (webtiles) character file.

Game seed: 12163084997131161271

1596 Nolbo the Skirmisher (level 8, -7/74 HPs)
             Began as a Black Draconian Transmuter on Jan 8, 2021.
             Killed from afar by an orc (33 damage)
             ... with an exploding inner flame
             ... on level 7 of the Dungeon.
             The game lasted 00:28:09 (8479 turns).

Nolbo the Skirmisher (Black Draconian Transmuter)   Turns: 8479, Time: 00:28:10

Health: -7/74      AC:  7    Str: 12    XL:     8   Next: 62%
Magic:  11/13      EV: 12    Int: 16    God:
Gold:   366        SH:  0    Dex: 12    Spells: 4/14 levels left

rFire    . . .     SeeInvis .     - Unarmed
rCold    . . .     Faith    .   (no shield)
rNeg     . . .     Spirit   .   (armour unavailable)
rPois    .         Reflect  .   (helmet restricted)
rElec    +         Harm     .   (no cloak)
rCorr    .         Rampage  .   (no gloves)
Will     .....                  k - +0 pair of boots (curse)
Stlth    +.........             (no amulet)
HPRegen  0.22/turn              (no ring)
MPRegen  0.13/turn              (no ring)

@: short of breath, wereblooded
A: breathe lightning, unfitting armour, electricity resistance, cold-blooded, AC
+6
a: Breathe Lightning


You were on level 7 of the Dungeon.
You visited 1 branch of the dungeon, and saw 8 of its levels.
You also visited: Sewer.

You collected 366 gold pieces.

Inventory:

Missiles
 e - 2 boomerangs
Armour
 k - a cursed +0 pair of boots (worn)
Jewellery
 i - an uncursed amulet of guardian spirit
Scrolls
 a - 3 scrolls of remove curse
 c - 2 scrolls of teleportation
 f - a scroll of immolation
 l - a scroll of enchant armour
 m - a scroll of fog {unknown}
 q - a scroll of magic mapping
 r - 2 scrolls of identify
Potions
 b - a potion of degeneration {unknown}
 d - 2 potions of might {unknown}
 h - 5 potions of curing {unknown}
 j - a potion of haste {unknown}
 n - a potion of ambrosia {unknown}
 o - 2 potions of brilliance {unknown}
 p - 6 potions of flight {unknown}


   Skills:
 + Level 7.7 Fighting
 - Level 1.7 Dodging
 + Level 4.1 Unarmed Combat
 + Level 3.5 Spellcasting
 + Level 7.3 Transmutations


You had 4 spell levels left.
You knew the following spells:

 Your Spells              Type           Power        Failure   Level
a - Beastly Appendage     Tmut           52%          1%          1
b - Wereblood             Tmut           26%          1%          2
c - Spider Form           Tmut/Pois      7%           12%         3
d - Ice Form              Ice/Tmut       14%          36%         4

Your spell library contained the following spells:

 Spells                   Type           Power        Failure   Level
 Animate Skeleton         Necr           4%           19%         1
 Pain                     Necr           8%           19%         1
 Vampiric Draining        Necr           1%           47%         3
 Animate Dead             Necr           1%           87%         4
 Blade Hands              Tmut           13%          24%         5
 Agony                    Necr           2%           99%         5


Dungeon Overview and Level Annotations

Branches:
Dungeon (8/15)             Temple (0/1) D:7           Sewer (visited)
   Lair: D:8-11

Altars:
Ashenzari
Nemelex Xobeh
Yredelemnul
The Shining One


Innate Abilities, Weirdness & Mutations

You can breathe wild blasts of lightning.
Your glossy black scales are hard. (AC +6)
You cannot fit into any form of body armour.
You are resistant to electric shocks. (rElec)
You are cold-blooded and may be slowed by cold attacks.


Message History

The bolt of lightning hits the ice beast!!
The ice beast explodes!
The fiery explosion engulfs you!!
The fiery explosion engulfs the iguana!!
The iguana explodes!
The orb of electricity explodes!
The orb of electricity engulfs the orc!
The orb of electricity engulfs the orc warrior.
Flame seeps out of the orc warrior.
The orc warrior is lightly wounded.
The orb of electricity engulfs the ufetubus!!
The orb of electricity engulfs you! You resist.
You feel a bit more experienced.
The ufetubus explodes!
The fiery explosion engulfs the orc warrior!!
Flame seeps out of the orc warrior.
The orc warrior is almost dead.
The orc explodes!
The fiery explosion engulfs the orc warrior!!!
The fiery explosion engulfs you!!
You die...

#.# #..... #.#
###### #.# #.#
## #.# #. #.#
#. #.## #.# #.
#...§#######.#
#######.
#...§§@§§§...#
#.......
##.§○#########
#....... #..
#....... #.
#....... #
#.......
#.......
########


There were no monsters in sight!

Vanquished Creatures
  A sky beast (D:7)
  2 orc warriors
  2 ice beasts (D:7)
  A phantom (D:7)
  2 big kobolds (Sewer)
  A bullfrog (D:7)
  A wyvern zombie (D:6)
  A scorpion (D:4)
  2 howler monkeys
  A centaur zombie (D:7)
  A quasit (D:7)
  4 orc priests (D:7)
  3 hounds
  A jelly (D:6)
  3 worker ants
  4 iguanas
  A worker ant zombie (D:6)
  Robin (D:2)
  A howler monkey skeleton (D:7)
  10 river rats
  11 adders
  A shadow imp (D:6)
  2 white imps (D:5)
  2 ufetubi
  2 oozes
  3 worms
  5 leopard geckos
  13 orcs
  6 bats
  4 giant cockroaches
  10 hobgoblins
  10 jackals
  A quokka (D:7)
  10 ball pythons
  3 frilled lizards
  15 goblins
  2 goblin skeletons (D:6)
  2 goblin zombies (D:6)
  3 hobgoblin zombies (D:6)
  19 kobolds
  A kobold skeleton (D:6)
  A kobold zombie (D:6)
  A leopard gecko skeleton (D:4)
  A leopard gecko zombie (D:6)
  An orc skeleton (D:6)
  A quokka zombie (D:5)
  24 rats
197 creatures vanquished.

Notes
Turn   | Place    | Note
-------+----------+-------------------------------------------
     0 | D:1      | Nolbo the Draconian Transmuter began the quest for the Orb.
     0 | D:1      | Reached XP level 1. HP: 16/16 MP: 3/3
   314 | D:1      | Reached XP level 2. HP: 22/23 MP: 5/5
  1100 | D:2      | Reached XP level 3. HP: 29/29 MP: 4/6
  1121 | D:2      | Learned a level 2 spell: Wereblood
  1125 | D:2      | Learned a level 3 spell: Spider Form
  1340 | D:2      | Noticed Robin
  1365 | D:2      | Killed Robin
  1366 | D:2      | Reached XP level 4. HP: 15/37 MP: 7/7
  2701 | D:3      | Found a sparkling altar of Nemelex Xobeh.
  2911 | D:4      | Reached XP level 5. HP: 42/46 MP: 4/8
  3263 | D:4      | Reached XP level 6. HP: 23/53 MP: 9/9
  3544 | D:4      | Noticed a sky beast
  3584 | D:5      | Entered Level 5 of the Dungeon
  3929 | D:5      | Learned a level 4 spell: Ice Form
  4227 | D:6      | Found a glowing drain.
  4252 | Sewer    | Entered a sewer
  4344 | Sewer    | Reached skill level 5 in Fighting
  4344 | Sewer    | Reached skill level 5 in Transmutations
  5187 | Sewer    | Your scales start taking on a glossy black colour.
  5187 | Sewer    | Reached XP level 7. HP: 61/61 MP: 8/10
  5187 | Sewer    | Gained mutation: You are resistant to electric shocks.
                  | (rElec) [Black Draconian growth]
  5411 | D:6      | Found a broken altar of Ashenzari.
  5471 | D:6      | Found a glowing golden altar of the Shining One.
  5817 | D:6      | Found a basalt altar of Yredelemnul.
  6703 | D:7      | Reached XP level 8. HP: 69/73 MP: 11/11
  6712 | D:7      | Upgraded the game from 0.26-b1-52-g61e05abef2 to
                  | 0.26-b1-59-ge38874ec40
  7163 | D:7      | Found a staircase to the Ecumenical Temple.
  8479 | D:7      | Killed from afar by an orc

Illustrated notes

Levels and vault maps discovered:
D:1:      mrwooster_arrival_arrow, layout_loops_ring
D:2:      layout_loops_ring, uniq_robin
D:3:      layout_basic, nemelex_dance_club_becter
D:4:      layout_basic, hangedman_decor_peaks_small
D:5:      kennysheep_spiral_hall, layout_basic, minitemple,
          roderic_cross_of_infinity, uniq_edmund, uniq_blork_the_orc
D:6:      layout_cave_pools, nicolae_overflow_crystal_walls,
          nicolae_tso_besieged_by_evil, yredelemnul_forgotten_temple_becter,
          portal_sewer_entry_e, wad_rectangle_vault
D:7:      layout_basic, minmay_temple_entry_stoned_glass
D:8:      layout_basic, okawaru_ov_weapons_minmay, uniq_pikel, uniq_maggie,
          uniq_psyche

Skill      XL: |  1  2  3  4  5  6  7  8 |
---------------+-------------------------+-----
Fighting       | 2 3 4 5 7 |  7.7
Transmutations | 3 4 5 6 7 |  7.3
Spellcasting   | 3 |  3.5
Unarmed Combat | 4 |  4.1
Dodging        | |  1.7

Action                   |  1- 3 |  4- 6 |  7- 9 || total
-------------------------+-------+-------+-------++-------
Melee: Unarmed           |   152 |   349 |   369 ||   870
       Tailslap          |    12 |    36 |    36 ||    84
       Kick              |     7 |    40 |    49 ||    96
       Headbutt          |     2 |    34 |    24 ||    60
       Punch             |     1 |       |     5 ||     6
 Cast: Beastly Appendage |     4 |    27 |    20 ||    51
       Wereblood         |     1 |    10 |     8 ||    19
       Spider Form       |       |     1 |     1 ||     2
 Abil: Breathe Lightning |       |       |     3 ||     3
  Use: Scroll            |       |     7 |     1 ||     8
       Potion            |       |     3 |     3 ||     6
 Stab: Sleeping          |     1 |       |     1 ||     2
Armor: Skin              |    45 |    94 |   121 ||   260
Dodge: Dodged            |    82 |   238 |   234 ||   554
